 Dungeon Crawl Stone Soup version 0.32-a0-918-g0f22ef8d61 (webtiles) character file.

Game seed: 4067623803380143233

298 Patata23 the Poker (level 6, -1/82 HPs)
             Began as a Minotaur Fighter on Apr 10, 2024.
             Was a Follower of the Shining One.
             Killed by divine providence
             ... invoked by an orc priest
              (13 damage)
             ... on level 4 of the Dungeon.
             The game lasted 00:22:50 (4050 turns).

Patata23 the Poker (Minotaur Fighter)               Turns: 4050, Time: 00:22:51

Health: -1/82      AC: 23    Str: 22    XL:     6   Next: 13%
Magic:  5/5        EV:  2    Int:  5    God:    the Shining One [*.....]
Gold:   137        SH:  4    Dex: 10    Spells: 5/5 levels left

rFire   . . .        a - +0 trident
rCold   . . .        c - +0 buckler
rNeg    . . .        b - melded +0 scale mail
rPois   +            (helmet currently unavailable)
rElec   .            (cloak currently unavailable)
rCorr   +            D - melded +0 pair of gloves
SInv    .            (boots currently unavailable)
Will    .....        (no amulet)
Stlth   +            K - ring of resist corrosion
HPRegen 0.33/turn    (no ring)
MPRegen 0.09/turn

%: no passive effects
@: tree-form, attractive, glowing
A: stationary, stasis, torment immunity, boosted hp, (horns 2), (retaliatory
headbutt)
a: Renounce Religion, Divine Shield


You were on level 4 of the Dungeon.
You worshipped the Shining One.
The Shining One was aware of your devotion.
You were a tree.
You visited 1 branch of the dungeon, and saw 4 of its levels.

You collected 137 gold pieces.

Inventory:

Hand Weapons
 a - a +0 trident (weapon)
 g - a +0 flail
 i - a +0 sling
 k - a +0 mace
 n - a +0 great sword
 r - a +0 whip
 v - the +7 dagger of the Demagogue {heavy, rF++ rC+++ Str-2 Int-5}
   (You found it on level 2 of the Dungeon)

   Str-2:     It affects your strength (-2).
   Int-5:     It affects your intelligence (-5).
   rF++:      It greatly protects you from fire.
   rC+++:     It renders you almost immune to cold.
 J - a +0 trident
Missiles
 l - 27 stones (quivered)
Armour
 b - a +0 scale mail (melded)
 c - a +0 buckler (worn)
 f - a +0 ring mail
 m - a +0 ring mail
 D - a +0 pair of gloves (melded)
 E - a +0 pair of gloves
 G - a +0 leather armour
Jewellery
 y - a ring of fire
 K - a ring of resist corrosion (left branch)
Talismans
 C - a blade talisman
Wands
 F - a wand of quicksilver (4)
Scrolls
 e - 2 scrolls of identify {unknown}
 j - a scroll of noise {unknown}
 o - 3 scrolls of amnesia {unknown}
 s - 2 scrolls of fear {unknown}
 t - a scroll of enchant weapon {unknown}
 u - 3 scrolls of teleportation {unknown}
 w - a scroll of enchant armour {unknown}
 B - a scroll of acquirement {unknown}
 H - a scroll of blinking {unknown}
Potions
 d - 3 potions of might
 h - a potion of attraction
 p - 2 potions of brilliance {unknown}
 q - a potion of haste {unknown}
 x - a potion of degeneration {unknown}
 z - a potion of curing {unknown}
 I - a potion of cancellation {unknown}


   Skills:
 + Level 4.9 Fighting
 + Level 5.0 Polearms
 + Level 4.9 Armour
 + Level 1.5 Dodging
 + Level 0.2 Stealth
 + Level 4.6 Shields


You had 5 spell levels left.
You didn't know any spells.
Your spell library was empty.

Dungeon Overview and Level Annotations

Branches:
Dungeon (4/15)
 Temple: D:4-7

Altars:
Okawaru
The Shining One


Innate Abilities, Weirdness & Mutations

You are a tree.
Your roots penetrate the ground, keeping you stationary.
You cannot be teleported.
You are immune to unholy pain and torment.
Your maximum health is greatly increased.
Your equipment is partially melded.
((You have a pair of horns on your head.))
((You reflexively headbutt those who attack you in melee.))


Message History

The orc wizard hits you but does no damage.
The orc priest hits you but does no damage.
You puncture the orc wizard!
You kill the orc wizard!
You block the orc priest's attack.
Your Polearms skill increases to level 5!
An orc priest is nearby!
The orc priest invokes the aid of Beogh against you.
Beogh smites you!
* * * LOW HITPOINT WARNING * * *
You hit the orc priest but do no damage.
The orc priest hits you but does no damage.
You hit the orc priest but do no damage.
The orc priest misses you.
It was a potion of attraction.
You feel attractive to monsters.
The orc priest calls down the wrath of Beogh upon you.
Pain shoots through your body!
* * * LOW HITPOINT WARNING * * *
It was a potion of lignification.
You turn into a tree.
Your +0 pair of gloves melds into your body.
Your +0 scale mail melds into your body.
Your roots penetrate the ground.
You block the orc priest's attack.
You hit the orc priest.
The orc priest is moderately wounded.
The orc priest hits you but does no damage.
You hit the orc priest.
The orc priest is severely wounded.
The orc priest hits you but does no damage.
You hit the orc priest but do no damage.
The orc priest is severely wounded.
You block the orc priest's attack.
You barely miss the orc priest.
The orc priest is severely wounded.
The orc priest hits you but does no damage. x2
You barely miss the orc priest.
The orc priest is severely wounded.
The orc priest calls down the wrath of Beogh upon you.
Beogh smites you!
You die...

#.#
#..# #
#.#
#..#
#.#
#.##
#.#
#.#
#.#
#.#
#.##
#.## #
#..#
#..###
##o##
###...
##♣##
####
##.#
###


You could see an orc priest.

Vanquished Creatures
  Crazy Yiuf (D:2)
  A bombardier beetle (D:3)
  A hound (D:4)
  2 orc wizards (D:4)
  A gnoll (D:1)
  5 adders
  2 dart slugs
  3 ribbon worms
  7 orcs
  6 endoplasms
  2 giant cockroaches (D:3)
  6 goblins
  10 hobgoblins
  7 jackals
  2 quokkas
  13 ball pythons
  4 bats
  5 frilled lizards
  5 kobolds
  9 rats
92 creatures vanquished.

Notes
Turn   | Place    | Note
-------+----------+-------------------------------------------
     0 | D:1      | Patata23 the Minotaur Fighter began the quest for the Orb.
     0 | D:1      | Reached XP level 1. HP: 19/19 MP: 0/0
   344 | D:1      | Reached XP level 2. HP: 26/26 MP: 1/1
  1138 | D:1      | Reached XP level 3. HP: 31/33 MP: 2/2
  1459 | D:2      | Reached skill level 3 in Polearms
  1461 | D:2      | Found a faded altar of an unknown god.
  1579 | D:2      | Prayed at the altar of an unknown god.
  1579 | D:2      | Became a worshipper of the Shining One
  1579 | D:2      | Reached * piety under the Shining One
  1600 | D:2      | Identified the +7 dagger of the Demagogue {heavy, rF++
                  | rC+++ Str-2 Int-5}
  1618 | D:2      | Found a runed translucent door.
  1619 | D:2      | Noticed Crazy Yiuf
  1625 | D:2      | Killed Crazy Yiuf
  1626 | D:2      | Reached XP level 4. HP: 26/40 MP: 0/3
  2354 | D:3      | Reached skill level 4 in Polearms
  2354 | D:3      | Reached XP level 5. HP: 43/46 MP: 4/4
  2456 | D:3      | Reached skill level 1 in Dodging
  2462 | D:3      | Found an iron altar of Okawaru.
  4037 | D:4      | Reached XP level 6. HP: 25/55 MP: 5/5
  4040 | D:4      | Reached skill level 5 in Polearms
  4050 | D:4      | Killed from afar by an orc priest

Illustrated notes

Levels and vault maps discovered:
D:1:      ebering_hopf_link, layout_basic, kennysheep_pointless_box
D:2:      layout_rooms, shapermc_ecumenical_altar_pompeii, minivault_23,
          kennysheep_another_room, uniq_crazy_yiuf_cottage, uniq_natasha
D:3:      layout_loops_ring, lemuel_doored_altar,
          mainiacjoe_sewer_entry_somewhere_in_here_2, minivault_19
D:4:      layout_layer_cave

Skill      XL: |  1  2  3  4  5  6 |
---------------+-------------------+-----
Armour         | 4 |  4.9
Shields        | 4 |  4.6
Polearms       | 3 4 5 |  5.0
Fighting       | 4 |  4.9
Dodging        | 1 |  1.5
Stealth        | |  0.2

Action                     |  1- 3 |  4- 6 || total
---------------------------+-------+-------++-------
  Melee: Trident           |    90 |   139 ||   229
         Headbutt          |     8 |    18 ||    26
    Use: Potion            |       |     2 ||     2
 Armour: Scale mail        |    63 |   119 ||   182
         Skin              |       |     4 ||     4
  Dodge: Dodged            |    38 |    56 ||    94
  Block: Buckler           |    28 |    30 ||    58

Table legend: (Time is in decaauts)
 A = Elapsed time spent in this place.
 B = Non-inter-level travel time spent in this place.
 C = Inter-level travel time spent in this place.
 D = Time resting spent in this place.
 E = Time spent auto-exploring this place.
 F = Levels seen in this place.
 G = Mean time per level.
                   A        B        C        D        E       F      G
               +--------+--------+--------+--------+--------+-----+--------+
         Total |   4098 |   4042 |     56 |   1624 |    150 |   4 | 1024.5 |
       Dungeon |   4098 |   4042 |     56 |   1624 |    150 |   4 | 1024.5 |
               +--------+--------+--------+--------+--------+-----+--------+

Top non-repeatable levels by time:
     D:1: 1319 daAuts
     D:3: 1070 daAuts
     D:4: 1008 daAuts
     D:2: 700 daAuts
